 Dungeon Crawl Stone Soup version 0.28.0-53-g5a82cb258f (webtiles) character file.

Game seed: 5804661169446021375

385 0gre the Chiller (level 6, -5/44 HPs)
             Began as a Gnoll Ice Elementalist on July 25, 2022.
             Slain by a wraith (9 damage)
             ... in an ossuary.
             The game lasted 00:21:57 (4974 turns).

0gre the Chiller (Gnoll Ice Elementalist)           Turns: 4974, Time: 00:21:57

Health: -5/44      AC:  4    Str: 13    XL:     6   Next: 77%
Magic:  14/14      EV: 13    Int: 17    God:
Gold:   77         SH:  0    Dex: 12    Spells: 11/15 levels left

rFire   + . .      SeeInvis .   a - +3 long sword
rCold   . . .      Faith    .   (no shield)
rNeg    . . .      Spirit   .   A - +0 robe
rPois   .          Reflect  .   (no helmet)
rElec   .          Harm     .   l - +0 cloak
rCorr   .          Rampage  .   m - +0 pair of gloves
Will    .....                   (no boots)
Stlth   +++.......              (no amulet)
HPRegen 0.14/turn               i - ring "Boefuikk" {rF+ Str+6}
MPRegen 0.14/turn               (no ring)

@: slowed, very slow
A: fangs 1, strong nose, distributed training
a: no special abilities


You were in an ossuary.
You visited 1 branch of the dungeon, and saw 5 of its levels.
You also visited: Ossuary.

You collected 135 gold pieces.
You spent 58 gold pieces at shops.

Inventory:

Hand Weapons
 a - a +3 long sword (weapon)
 b - a +0 hunting sling
 c - a +0 trident
 d - a +0 war axe
Missiles
 h - 90 stones
 r - 3 throwing nets (quivered)
 s - 76 sling bullets
 u - 37 arrows
Armour
 l - a +0 cloak (worn)
 m - a +0 pair of gloves (worn)
 A - a +0 robe (worn)
Jewellery
 i - the ring "Boefuikk" (left hand) {rF+ Str+6}
   (You found it on level 2 of the Dungeon)

   [ring of strength]

   Str:       It affects your strength (+6).
   rF:        It protects you from fire.
Wands
 v - a wand of iceblast (12)
Scrolls
 e - 2 scrolls of magic mapping
 g - 2 scrolls of fog
 j - 4 scrolls of teleportation
 p - a scroll of immolation
 w - a scroll of brand weapon {unknown}
 y - a scroll of summoning {unknown}
Potions
 f - a potion of mutation {unknown}
 k - 2 potions of flight
 n - a potion of berserk rage {unknown}
 o - 2 potions of brilliance
 q - a potion of heal wounds {unknown}
 t - 2 potions of curing {unknown}
 x - a potion of attraction {unknown}
 z - a potion of haste {unknown}


   Skills:
 + Level 2.1 Fighting
 + Level 2.1 Short Blades
 + Level 2.1 Long Blades
 + Level 2.1 Axes
 + Level 2.1 Maces & Flails
 + Level 2.1 Polearms
 + Level 2.1 Staves
 + Level 2.1 Slings
 + Level 2.1 Bows
 + Level 2.1 Crossbows
 + Level 2.1 Throwing
 + Level 2.1 Armour
 + Level 5.0 Dodging
 + Level 4.7 Stealth
 + Level 2.1 Shields
 + Level 2.1 Unarmed Combat
 + Level 5.4 Spellcasting
 + Level 1.6 Conjurations
 + Level 1.6 Hexes
 + Level 1.6 Summonings
 + Level 1.6 Necromancy
 + Level 1.6 Translocations
 + Level 1.6 Transmutations
 + Level 1.6 Fire Magic
 + Level 7.3 Ice Magic
 + Level 1.6 Air Magic
 + Level 1.6 Earth Magic
 + Level 1.6 Poison Magic
 + Level 2.3 Invocations
 + Level 2.1 Evocations


You had 11 spell levels left.
You knew the following spells:

 Your Spells              Type           Power      Damage    Failure   Level
a - Freeze                Ice            100%       1d11      1%          1
b - Frozen Ramparts       Ice            58%        1d7       1%          3

Your spell library contained the following spells:

 Spells                   Type           Power      Damage    Failure   Level
 Ozocubu's Armour         Ice            29%        N/A       1%          3
 Pain                     Necr           40%        1d6       7%          1
 Hailstorm                Conj/Ice       19%        3d6       22%         4
 Agony                    Necr           10%        N/A       88%         5
 Excruciating Wounds      Necr           5%         N/A       88%         5
 Summon Forest            Summ/Tloc      5%         N/A       88%         5
 Eringya's Noxious Bog    Tmut/Pois      5%         N/A       100%        6
 Summon Hydra             Summ           5%         N/A       100%        7


Dungeon Overview and Level Annotations

Branches:
Dungeon (5/15)            Ossuary (1/1)
 Temple: D:4-7

Altars:

Shops:
D:3 *


Innate Abilities, Weirdness & Mutations

You have very sharp teeth.
Your uncanny sense of smell can sniff out nearby items.
Your experience applies equally to all skills.


Message History

You barely miss the wraith.
The wraith is lightly damaged.
The wraith hits you. The wraith drains your vigour!
You feel yourself slow down.
You hit the wraith.
The wraith is lightly damaged.
The wraith barely misses you. x2
You closely miss the wraith.
The wraith is lightly damaged.
The wraith hits you. The wraith drains your vigour!
You feel as though you will be slow longer.
The wraith hits you but does no damage.
You closely miss the wraith.
The wraith is lightly damaged.
The wraith hits you! The wraith drains your vigour!
You feel as though you will be slow longer.
The wraith hits you! The wraith drains your vigour!
You feel as though you will be slow longer.
You barely miss the wraith. You bite the wraith, but do no damage.
The wraith is lightly damaged.
The wraith closely misses you. x2
You closely miss the wraith.
The wraith is lightly damaged.
The wraith closely misses you. The wraith barely misses you.
You hit the wraith but do no damage. Your bite misses the wraith.
The wraith is lightly damaged.
The wraith closely misses you. The wraith hits you.
The wraith drains your vigour!
You feel as though you will be slow longer.
You barely miss the wraith. Your bite misses the wraith.
The wraith is lightly damaged.
The wraith hits you. The wraith drains your vigour!
You feel as though you will be slow longer.
The wraith misses you.
You closely miss the wraith.
The wraith is lightly damaged.
The wraith misses you. The wraith hits you!
* * * LOW HITPOINT WARNING * * *
The wraith hits you!
You die...

#.###.?!!.###.#
#. z#.!!/.#z#.#
#. ##.?/!.###.#
#. ..........#
#. ..........#
#. ##.###.###.#
#.#.#.#z#.#[#.#
#.'##.###.##'.#
#..W@.........#
#######'#######
#.# ###.###
#z▓.▓W# ###.###
#.# #'# #.#


You could see a wraith and a flying skull.

Vanquished Creatures
  Menkaure (D:4)
  A wight (Ossuary)
  A centaur zombie (Ossuary)
  A hound (D:4)
  A hound skeleton (D:3)
  An adder (D:5)
  4 gnolls (D:5)
  A worm (D:3)
  2 dart slugs
  5 orcs
  6 endoplasms
  2 giant cockroaches
  9 goblins
  4 hobgoblins
  6 jackals
  3 quokkas (D:1)
  6 ball pythons
  A ball python skeleton (Ossuary)
  8 bats
  2 frilled lizards
  A hobgoblin skeleton (Ossuary)
  3 hobgoblin zombies (Ossuary)
  8 kobolds
  A kobold zombie (Ossuary)
  3 orc skeletons (Ossuary)
  4 rats
85 creatures vanquished.

Notes
Turn   | Place    | Note
-------+----------+-------------------------------------------
     0 | D:1      | 0gre the Gnoll Ice Elementalist began the quest for the
                  | Orb.
     0 | D:1      | Reached XP level 1. HP: 13/13 MP: 6/6
   252 | D:1      | Reached XP level 2. HP: 19/19 MP: 7/7
  1187 | D:2      | Identified the ring "Boefuikk" {rF+ Str+6}
  1218 | D:2      | Reached XP level 3. HP: 15/25 MP: 9/9
  1222 | D:2      | Learned a level 3 spell: Frozen Ramparts
  1235 | D:2      | Reached skill level 5 in Spellcasting
  1448 | D:2      | You fall into a shaft and drop 1 floor!
  1557 | D:3      | Reached skill level 1 in Invocations
  1905 | D:3      | Reached skill level 1 in Fighting
  1905 | D:3      | Reached skill level 1 in Short Blades
  1905 | D:3      | Reached skill level 1 in Long Blades
  1905 | D:3      | Reached skill level 1 in Axes
  1905 | D:3      | Reached skill level 1 in Maces & Flails
  1905 | D:3      | Reached skill level 1 in Polearms
  1905 | D:3      | Reached skill level 1 in Staves
  1905 | D:3      | Reached skill level 1 in Slings
  1905 | D:3      | Reached skill level 1 in Bows
  1905 | D:3      | Reached skill level 1 in Crossbows
  1905 | D:3      | Reached skill level 1 in Throwing
  1905 | D:3      | Reached skill level 1 in Armour
  1905 | D:3      | Reached skill level 1 in Shields
  1905 | D:3      | Reached skill level 1 in Unarmed Combat
  1905 | D:3      | Reached skill level 1 in Evocations
  2235 | D:2      | Reached XP level 4. HP: 32/32 MP: 7/11
  2732 | D:3      | Found Muvatudia's Assorted Antiques.
  2737 | D:3      | Bought a scroll labelled OBOHAG SAUJAK for 29 gold pieces
  2737 | D:3      | Bought a scroll labelled YSAMEXT ZUSOOTZ for 29 gold pieces
  3087 | D:4      | Noticed Menkaure
  3124 | D:4      | Killed Menkaure
  3125 | D:4      | Reached skill level 1 in Conjurations
  3125 | D:4      | Reached skill level 1 in Hexes
  3125 | D:4      | Reached skill level 1 in Summonings
  3125 | D:4      | Reached skill level 1 in Necromancy
  3125 | D:4      | Reached skill level 1 in Translocations
  3125 | D:4      | Reached skill level 1 in Transmutations
  3125 | D:4      | Reached skill level 1 in Fire Magic
  3125 | D:4      | Reached skill level 1 in Air Magic
  3125 | D:4      | Reached skill level 1 in Earth Magic
  3125 | D:4      | Reached skill level 1 in Poison Magic
  3125 | D:4      | Reached XP level 5. HP: 19/37 MP: 12/12
  4013 | D:4      | Reached XP level 6. HP: 28/44 MP: 13/13
  4437 | D:5      | Entered Level 5 of the Dungeon
  4542 | D:5      | Reached skill level 5 in Dodging
  4675 | D:5      | Found a sand-covered staircase.
  4684 | Ossuary  | Entered an ossuary
  4922 | Ossuary  | Noticed a flying skull
  4922 | Ossuary  | Noticed a wraith
  4929 | Ossuary  | Noticed a flying skull
  4955 | Ossuary  | Noticed a flying skull
  4956 | Ossuary  | Noticed a flying skull
  4960 | Ossuary  | Noticed a wraith
  4974 | Ossuary  | Slain by a wraith

Illustrated notes

Levels and vault maps discovered:
D:1:      dpeg_arrival_long_road, layout_loops_ring
D:2:      layout_loops_cross
D:3:      layout_basic, serial_shops, nicolae_shop_hallway_plus,
          minmay_box_of_dots
D:4:      layout_layer_cave, uniq_menkaure
D:5:      layout_basic, cheibrodos_sewer_entry_drain,
          nicolae_ossuary_entry_monument, gammafunk_ghost_arena,
          minmay_misc_feat_ornament, chequers_mini_garden
Ossuary:  ossuary_due_cavern

Skill      XL: |  1  2  3  4  5  6 |
---------------+-------------------+-----
Spellcasting   | 5 |  5.4
Invocations    | 1 2 |  2.3
Fighting       | 1 2 |  2.1
Short Blades   | 1 2 |  2.1
Long Blades    | 1 2 |  2.1
Axes           | 1 2 |  2.1
Maces & Flails | 1 2 |  2.1
Polearms       | 1 2 |  2.1
Staves         | 1 2 |  2.1
Slings         | 1 2 |  2.1
Bows           | 1 2 |  2.1
Crossbows      | 1 2 |  2.1
Throwing       | 1 2 |  2.1
Armour         | 1 2 |  2.1
Shields        | 1 2 |  2.1
Unarmed Combat | 1 2 |  2.1
Evocations     | 1 2 |  2.1
Conjurations   | 1 |  1.6
Hexes          | 1 |  1.6
Summonings     | 1 |  1.6
Necromancy     | 1 |  1.6
Translocations | 1 |  1.6
Transmutations | 1 |  1.6
Fire Magic     | 1 |  1.6
Air Magic      | 1 |  1.6
Earth Magic    | 1 |  1.6
Poison Magic   | 1 |  1.6
Dodging        | 5 |  5.0
Stealth        | |  4.7
Ice Magic      | |  7.3

Action                   |  1- 3 |  4- 6 || total
-------------------------+-------+-------++-------
Melee: Club              |    27 |       ||    27
       Bite              |     3 |    18 ||    21
       Short sword       |    46 |    18 ||    64
       Punch             |     1 |     2 ||     3
       Flail             |       |    45 ||    45
       Trident           |       |    10 ||    10
       War axe           |       |    38 ||    38
       Long sword        |       |    11 ||    11
 Fire: Hunting sling     |       |     5 ||     5
Throw: Stone             |    15 |     4 ||    19
       Throwing net      |       |     2 ||     2
 Cast: Freeze            |    14 |     3 ||    17
       Frozen Ramparts   |     5 |     6 ||    11
  Use: Scroll            |       |     8 ||     8
 Stab: Sleeping          |    16 |    10 ||    26
       Distracted        |     1 |       ||     1
       Held in net/web   |       |     2 ||     2
Armor: Robe              |    19 |    32 ||    51
Dodge: Dodged            |    48 |    91 ||   139
